 Dungeon Crawl Stone Soup version 0.31-a0-232-gb1c03b2570 (webtiles) character file.

Game seed: 14157414452835563714

11 protoss039 the Digger (level 2, 0/20 HPs)
             Began as a Demonspawn Earth Elementalist on July 7, 2023.
             Slain by a giant cockroach (1 damage)
             ... on level 1 of the Dungeon.
             The game lasted 00:00:32 (266 turns).

protoss039 the Digger (DsEE)                         Turns: 266, Time: 00:00:32

Health: 0/20       AC:  2    Str:  8    XL:     2   Next: 17%
Magic:  1/5        EV: 12    Int: 16    God:
Gold:   32         SH:  0    Dex: 13    Spells: 4/5 levels left

rFire   . . .        d - +0 club
rCold   . . .        (no shield)
rNeg    . . .        a - +0 robe
rPois   .            (helmet restricted)
rElec   .            (no cloak)
rCorr   .            (no gloves)
SInv    .            (no boots)
Will    .....        (no amulet)
Stlth   ++           (no ring)
HPRegen 0.23/turn    (no ring)
MPRegen 0.09/turn

%: no passive effects
@: no status effects
A: antennae 1
a: no special abilities


You were on level 1 of the Dungeon.
You visited 1 branch of the dungeon, and saw 1 of its levels.

You collected 32 gold pieces.

Inventory:

Hand Weapons
 d - a +0 club (weapon)
Armour
 a - a +0 robe (worn)
Scrolls
 c - a scroll of amnesia {unknown}
 e - a scroll of enchant armour {unknown}
Potions
 b - a potion of magic
 f - a potion of degeneration {unknown}


   Skills:
 + Level 0.8 Fighting
 - Level 1.7 Dodging
 - Level 1.7 Stealth
 + Level 2.2 Spellcasting
 - Level 0.8 Transmutations
 + Level 2.9 Earth Magic


You had 4 spell levels left.
You knew the following spells:

 Your Spells              Type           Power      Damage    Failure   Level
a - Sandblast             Erth           22%        2d7       6%          1

Your spell library contained the following spells:

 Spells                   Type           Power      Damage    Failure   Level
 Passwall                 Tmut/Erth      5%         N/A       14%         2
 Kiss of Death            Conj/Necr      4%         2d5       21%         1
 Stone Arrow              Conj/Erth      12%        3d7       32%         3
 Confusing Touch          Hex            1%         N/A       52%         3
 Petrify                  Tmut/Erth      7%         N/A       67%         4
 Dispel Undead            Necr           1%         3d6       90%         4


Dungeon Overview and Level Annotations

Branches:
Dungeon (1/15) Zot: 5721

Altars:


Innate Abilities, Weirdness & Mutations

You have a pair of small antennae on your head.


Message History

Aim: a goblin, wielding a +0 club (77% to hit)
You miscast Sandblast.
You are very lightly contaminated with residual magic.
Nothing appears to happen.
The frilled lizard hisses angrily.
The goblin barely misses you. The frilled lizard barely misses you.
Unknown command.
Unknown command.
You hit the goblin.
The goblin is heavily wounded.
The giant cockroach bites you.
* * * LOW HITPOINT WARNING * * *
The goblin hits you but does no damage.
The frilled lizard bites you but does no damage.
Unknown command.
You hit the goblin.
The goblin is severely wounded.
The giant cockroach misses you. The goblin barely misses you.
The frilled lizard bites you but does no damage.
The giant cockroach barely misses you. The frilled lizard barely misses you.
The goblin hits you but does no damage.
Unknown command.
You hit the goblin.
You kill the goblin!
The giant cockroach barely misses you. The frilled lizard barely misses you.
The giant cockroach misses you.
Unknown command.
You hit the frilled lizard.
You kill the frilled lizard!
The giant cockroach closely misses you.
Unknown command.
You miss the frilled lizard. The giant cockroach misses you.
The frilled lizard closely misses you. The giant cockroach closely misses you.
The frilled lizard bites you.
* * * LOW HITPOINT WARNING * * *
Your magical contamination has completely faded away.
Unknown command.
You hit the frilled lizard but do no damage.
The giant cockroach bites you.
You die...

##.............##......
.....####...............
##....# #(.....##.......
.#....###..#...##.......
...........#............
.#...###...#............
.#...# #...#............
.#...# #.####.#.†B......
.....###.# #.#.@l......
..#.###..####.#........)
.........##...#.........
......##....###.........
#....####.### #.######..
#....# #.......# #
#....############
.......# .......#


You could see a giant cockroach and a frilled lizard.

Vanquished Creatures
  A dart slug (D:1)
  An endoplasm (D:1)
  2 goblins (D:1)
  A kobold (D:1)
  2 bats (D:1)
  2 frilled lizards (D:1)
  A rat (D:1)
10 creatures vanquished.

Notes
Turn   | Place    | Note
-------+----------+-------------------------------------------
     0 | D:1      | protoss039 the Demonspawn Earth Elementalist began the
                  | quest for the Orb.
     0 | D:1      | Reached XP level 1. HP: 13/13 MP: 3/3
   250 | D:1      | Discovered your monstrous ancestry.
   250 | D:1      | Gained mutation: You have a pair of small antennae on your
                  | head. [demonic ancestry]
   250 | D:1      | Reached XP level 2. HP: 5/20 MP: 0/5
   261 | D:1      | HP: 1/20 [giant cockroach (2)]
   266 | D:1      | Slain by a giant cockroach

Illustrated notes

Levels and vault maps discovered:
D:1:      spicycebolla_arrival_clurvy, layout_rooms

Action                     || total
---------------------------++-------
  Melee: Unarmed           ||     9
         Club              ||    21
   Cast: Sandblast         ||    11
 Armour: Robe              ||    12
  Dodge: Dodged            ||    36

Table legend: (Time is in decaauts)
 A = Elapsed time spent in this place.
 B = Non-inter-level travel time spent in this place.
 C = Inter-level travel time spent in this place.
 D = Time resting spent in this place.
 E = Time spent auto-exploring this place.
 F = Levels seen in this place.
 G = Mean time per level.
                   A        B        C        D        E       F      G
               +--------+--------+--------+--------+--------+-----+--------+
         Total |    277 |    277 |      0 |      0 |    191 |   1 |  277.0 |
       Dungeon |    277 |    277 |      0 |      0 |    191 |   1 |  277.0 |
               +--------+--------+--------+--------+--------+-----+--------+

Top non-repeatable levels by time:
     D:1: 277 daAuts
